 Dungeon Crawl Stone Soup version 0.19-a0-1875-g4fea3da (webtiles) character file.

528 Amnesiac the Magician (level 7, -3/41 HPs)
             Began as a Halfling Wizard on Oct 13, 2016.
             Killed by divine providence
             ... invoked by an orc priest
              (14 damage)
             ... on level 4 of the Dungeon.
             The game lasted 00:10:11 (3408 turns).

Amnesiac the Magician (Halfling Wizard)             Turns: 3408, Time: 00:10:12

Health: -3/41      AC:  2    Str:  8    XL:     7   Next: 48%
Magic:  6/14       EV: 15    Int: 16    God:
Gold:   278        SH:  0    Dex: 15    Spells: 6 memorised, 3 levels left

rFire  . . .     SeeInvis .     m - +0 quarterstaff
rCold  . . .     Gourm    .     a - +0 robe
rNeg   . . .     Faith    .     (shield currently unavailable)
rPois  .         Spirit   .     b - +0 hat
rElec  .         Dismiss  .     (no cloak)
rCorr  .         Reflect  .     (no gloves)
MR     .....     Harm     .     (no boots)
Stlth  ++........               (no amulet)
                                (no ring)
                                (no ring)

@: very slightly contaminated
A: mutation resistance 1
a: no special abilities


You were on level 4 of the Dungeon.
You were hungry.

You visited 1 branch of the dungeon, and saw 4 of its levels.
You also visited: Ossuary.

You collected 278 gold pieces.

Inventory:

Hand Weapons
 f - a +0 short sword
 i - a +0 dagger
 m - a +0 quarterstaff (weapon)
Armour
 a - a +0 robe (worn)
 b - a +0 hat (worn)
Scrolls
 e - 2 scrolls of remove curse {unknown}
 g - 2 scrolls of fear {unknown}
 h - 2 scrolls of immolation {unknown}
 k - 3 scrolls of recharging {unknown}
 p - 3 scrolls of identify {unknown}
Potions
 j - a potion of magic
 l - 3 potions of lignification {unknown}
 n - 3 potions of brilliance {unknown}
 o - 2 potions of degeneration {unknown}
 q - 2 potions of curing
 r - a potion of flight {unknown}
Books
 c - a book of Minor Magic

   Spells                             Type                      Level
   a - Magic Dart                     Conjuration                  1
   b - Blink                          Translocation                2
   c - Call Imp                       Summoning                    2
   d - Repel Missiles                 Charms/Air                   2
   e - Slow                           Hexes                        2
   f - Conjure Flame                  Conjuration/Fire             3
   g - Mephitic Cloud                 Conjuration/Poison/Air       3
Comestibles
 d - 2 bread rations


   Skills:
 + Level 1.9 Short Blades
 - Level 2.1 Dodging
 - Level 2.5 Stealth
 - Level 5.2 Spellcasting
 - Level 2.0 Conjurations
 - Level 1.1 Summonings
 - Level 1.1 Translocations
 - Level 2.0 Air Magic


You had 3 spell levels left.
You knew the following spells:

 Your Spells              Type           Power        Failure   Level  Hunger
a - Repel Missiles        Chrm/Air       #.....       17%         2    #......
b - Blink                 Tloc           N/A          17%         2    #......
d - Call Imp              Summ           #.......     17%         2    #......
e - Mephitic Cloud        Conj/Pois/Air  #.......     28%         3    ###....
f - Magic Dart            Conj           ##..         10%         1    None
s - Conjure Flame         Conj/Fire      #.......     34%         3    ###....


Dungeon Overview and Level Annotations

Branches:
Dungeon (4/15)
 Temple: D:4-7

Altars:
Kikubaaqudgha
Okawaru
Sif Muna
The Shining One


Innate Abilities, Weirdness & Mutations

You are small and have problems with some larger weapons.
You are somewhat resistant to further mutation.


Message History

You hear a shout!
The orc is engulfed in noxious fumes.
The orc appears confused.
Unknown command.
The orc is engulfed in noxious fumes.
The orc appears confused.
You open the door.
The orc is engulfed in noxious fumes.
The orc appears confused.
There is an open door here.
Found 13 arrows.
Casting: Mephitic Cloud
Confirm with . or Enter, or press ? or * to list all spells.
Aiming: Mephitic Cloud
Press: ? - help, Shift-Dir - straight line, f - orc, p - orc
Aim: an orc The ball explodes into a vile cloud!
The stinking cloud engulfs the orc.
You are feeling hungry.
The orc is engulfed in noxious fumes.
The orc appears confused.
The orc is engulfed in noxious fumes.
The orc appears confused.
The orc priest calls down the wrath of Beogh upon you.
Beogh smites you!
You die...

.##.## #..###.#
##.(...## .....# #.o#
#.# ##s.)## ###.##
#..###.# ##o## #.#
#......### #.# #.#
#.#......#####.### #.#
#......#.........####
###.#
###.#.##..###s.o.....⌠
....#
#.#.##..##..<..####.
##### #.#.@.......o..#
#.####..###....####
#.# #..###........
#.####.........####
#.(....#####..#####.#
######## #........#
####### #.########
#≈≈≈≈≈## #.# ≈≈≈≈≈≈≈#
#.#


You could see an orc priest.

Vanquished Creatures
  Sigmund (D:4)
  An ogre (D:4)
  A howler monkey (D:4)
  An orc priest (D:4)
  A bullfrog skeleton (D:4)
  An orc wizard (D:4)
  A big kobold zombie (Ossuary)
  3 mummies
  2 oozes
  A worm (D:4)
  A leopard gecko (D:3)
  An orc (D:4)
  A bat (D:3)
  3 gnoll zombies (Ossuary)
  A goblin (D:3)
  A hobgoblin (D:3)
  4 jackals (D:4)
  A quokka (D:3)
  A frilled lizard (D:3)
  4 hobgoblin zombies
  A kobold (D:3)
  A kobold zombie (Ossuary)
  3 rats
36 creatures vanquished.

Vanquished Creatures (collateral kills)
  An orc wizard (D:4)
  A big kobold zombie (Ossuary)
  A hound skeleton (D:4)
  6 mummies (Ossuary)
  2 adders (D:4)
  An orc (D:4)
12 creatures vanquished.

Grand Total: 48 creatures vanquished

Notes
Turn   | Place    | Note
-------+----------+-------------------------------------------
     0 | D:1      | Amnesiac the Halfling Wizard began the quest for the Orb.
     0 | D:1      | Reached XP level 1. HP: 11/11 MP: 3/3
   111 | D:2      | Found a glowing golden altar of the Shining One.
   111 | D:2      | Found an iron altar of Okawaru.
   168 | D:3      | Reached skill level 1 in Conjurations
   428 | D:3      | Reached XP level 2. HP: 17/17 MP: 0/5
   432 | D:3      | Learned a level 2 spell: Call Imp
   483 | D:3      | Learned a level 2 spell: Repel Missiles
   529 | D:3      | Found an ancient bone altar of Kikubaaqudgha.
   545 | D:3      | Reached skill level 1 in Summonings
   798 | D:4      | Reached skill level 1 in Air Magic
   798 | D:4      | Reached XP level 3. HP: 20/21 MP: 3/6
   908 | D:4      | Found a sand-covered staircase.
   959 | D:4      | Found a deep blue altar of Sif Muna.
  1101 | D:4      | Reached skill level 3 in Spellcasting
  1101 | D:4      | Reached XP level 4. HP: 19/27 MP: 0/8
  1129 | Ossuary  | Entered an ossuary
  1963 | Ossuary  | Reached XP level 5. HP: 31/31 MP: 3/10
  1968 | Ossuary  | Learned a level 3 spell: Mephitic Cloud
  1972 | Ossuary  | Learned a level 3 spell: Conjure Flame
  2581 | D:4      | Noticed an ogre
  2600 | D:4      | Killed an ogre
  2600 | D:4      | Reached skill level 4 in Spellcasting
  2600 | D:4      | Reached XP level 6. HP: 10/36 MP: 7/12
  2710 | D:4      | Learned a level 2 spell: Blink
  3087 | D:4      | Noticed Sigmund
  3112 | D:4      | Killed Sigmund
  3112 | D:4      | Reached skill level 5 in Spellcasting
  3112 | D:4      | Reached XP level 7. HP: 27/41 MP: 3/14
  3218 | D:4      | Reached skill level 1 in Short Blades
  3408 | D:4      | Killed from afar by an orc priest

Vault maps used:
D:1:      roderic_dead_forest, hangedman_decor_clover_reticule,
          minmay_box_of_dots
D:2:      gammafunk_temple_overflow_elements, uniq_crazy_yiuf_cottage,
          uniq_natasha
D:3:      kiku_gazebo_garden_becter, first_bread, guppyfry_early_orc_mine,
          uniq_terence
D:4:      nicolae_ossuary_entry_giza, serial_shops, shop_fountains,
          grunt_ministairs_1, led_sif_pool, uniq_sigmund
Ossuary:  ossuary_tomb_3

Skill      XL: |  1  2  3  4  5  6  7 |
---------------+----------------------+-----
Conjurations   | 1 2 |  2.0
Summonings     | 1 |  1.1
Air Magic      | 1 2 |  2.0
Spellcasting   | 3 4 5 |  5.2
Short Blades   | 1 |  1.9
Dodging        | |  2.1
Stealth        | |  2.5
Translocations | |  1.1

Action                   |  1- 3 |  4- 6 |  7- 9 || total
-------------------------+-------+-------+-------++-------
Melee: Unarmed           |     7 |       |       ||     7
       Short sword       |    11 |       |       ||    11
       Quarterstaff      |    11 |    97 |    11 ||   119
 Cast: Magic Dart        |    25 |     3 |       ||    28
       Call Imp          |     7 |    24 |       ||    31
       Repel Missiles    |     1 |     1 |       ||     2
       Mephitic Cloud    |       |     7 |     3 ||    10
       Conjure Flame     |       |     1 |       ||     1
  Use: Potion            |       |     1 |       ||     1
 Stab: Sleeping          |     1 |     1 |       ||     2
       Confused          |       |     4 |     3 ||     7
  Eat: Chunk             |     1 |     4 |     1 ||     6
       Meat ration       |       |     1 |       ||     1
Armor: Robe              |     3 |     5 |     3 ||    11
Dodge: Dodged            |    26 |    63 |    10 ||    99
       Deflected         |     1 |     1 |     1 ||     3
